 Dungeon Crawl Stone Soup version 0.31-a0-150-g89dc3ad700 (webtiles) character file.

Game seed: 3735680340746700782

53 mopl the Trooper (level 3, -2/29 HPs)
             Began as a Mummy Fighter on June 8, 2023.
             Slain by a gnoll
             ... wielding a +0 flail of holy wrath
              (8 damage)
             ... on level 2 of the Dungeon.
             The game lasted 00:02:02 (1377 turns).

mopl the Trooper (Mummy Fighter)                    Turns: 1377, Time: 00:02:03

Health: -2/29      AC:  9    Str: 19    XL:     3   Next: 64%
Magic:  3/3        EV:  7    Int:  7    God:
Gold:   36         SH:  4    Dex: 13    Spells: 2/2 levels left

rFire   x .          .
                       - Unarmed
rCold   + . .        b - +0 buckler
rNeg    + + +        g - +0 chain mail
rPois   ∞            (no helmet)
rElec   .            (no cloak)
rCorr   .            (no gloves)
SInv    .            (no boots)
Will    .....        (no amulet) Stlth
                     (no ring)
HPRegen 0.24/turn    (no ring)
MPRegen 0.08/turn

%: faith
@: no status effects
A: cold resistance 1, negative energy resistance 3, torment resistance 2, heat
vulnerability 1, in touch with death 1, no potions, faith
a: no special abilities


You were on level 2 of the Dungeon.
You visited 1 branch of the dungeon, and saw 3 of its levels.

You collected 86 gold pieces.
You spent 50 gold pieces at shops.

Inventory:

Armour
 b - a +0 buckler (worn)
 g - a +0 chain mail (worn)
Scrolls
 a - 3 scrolls of magic mapping {unknown}
 c - a scroll of blinking {unknown}
 d - a scroll of summoning {unknown}
 e - a scroll of immolation {unknown}
 f - a scroll of fear {unknown}
 h - a scroll of teleportation
 i - a scroll of identify


   Skills:
 + Level 3.4 Fighting
 + Level 2.7 Armour
 + Level 1.0 Dodging
 - Level 2.4 Shields
 * Level 2.4 Unarmed Combat


You had 2 spell levels left.
You didn't know any spells.
Your spell library contained the following spells:

 Spells                   Type           Power      Damage    Failure   Level
 Slow                     Hex            0%         N/A       99%         1
 Confusing Touch          Hex            0%         N/A       100%        3
 Vampiric Draining        Necr           0%         2d6       100%        3


Dungeon Overview and Level Annotations

Branches:
Dungeon (3/15)

Altars:
Okawaru

Shops:
D:2 ?


Innate Abilities, Weirdness & Mutations

You are immune to poison.
Your flesh is cold resistant. (rC+)
You are immune to negative energy. (rN+++)
You are immune to unholy pain and torment.
You are vulnerable to heat. (rF-)
You are in touch with the powers of death.
You do not drink.
You have a special connection with the divine. (Faith)


Message History

The gnoll is wielding a +0 flail of holy wrath.
Found an iron altar of Okawaru.
The gnoll shouts!
A frilled lizard comes into view.
An endoplasm comes into view.
The endoplasm quivers.
The frilled lizard hisses angrily.
The gnoll hits you with a +0 flail of holy wrath!
You convulse.
You hit the gnoll but do no damage. You barely miss the gnoll.
The gnoll hits you but does no damage. The hobgoblin barely misses you.
You closely miss the gnoll.
A gnoll comes into view. It is wielding a +0 club.
The gnoll hits you with a +0 flail of holy wrath.
You convulse.
The hobgoblin hits you but does no damage.
You are too injured to fight recklessly!
You are too injured to fight recklessly!
You are too injured to fight recklessly!
You are too injured to fight recklessly!
You are too injured to fight recklessly!
You are too injured to fight recklessly!
You are too injured to fight recklessly!
Unknown command.
The hobgoblin attacks as you move away! The hobgoblin barely misses you.
There is a stone staircase leading up here.
The gnoll hits you but does no damage.
You climb upwards.
There is a stone staircase leading down here.
You hit the gnoll.
The gnoll is moderately wounded.
The gnoll hits you with a +0 flail of holy wrath.
* * * LOW HITPOINT WARNING * * *
You convulse.
* * * LOW HITPOINT WARNING * * *
You closely miss the gnoll.
The gnoll is moderately wounded.
The gnoll hits you with a +0 flail of holy wrath!
You die...

##.#############........## ##.# #
........................# ##..###
...############.........###......
#### #.#.....##.###.####
########### #.##...####...## #
.........[# #.####.# ##.## #
.########.# #.####.#####!######
.########.#####.............#....
..........#....g@....<.###.....##
.########....##..###.#.# #.......
.###### #............#.# #.......
......# #....###.#####.####.#####
.####.# #[#.## #.# #...........
.# #.# #.#.# #.# ######.##### .#
#.# #.#.# #.# #.# .####.###.#.#
#.# #.# ............# #># #.#


You could see a gnoll.

Vanquished Creatures
  An adder (D:2)
  2 dart slugs (D:1)
  2 ball pythons
  4 endoplasms
  2 giant cockroaches (D:1)
  5 goblins
  4 hobgoblins
  3 quokkas (D:1)
  4 bats
  4 frilled lizards
  4 kobolds
  3 rats
38 creatures vanquished.

Notes
Turn   | Place    | Note
-------+----------+-------------------------------------------
     0 | D:1      | mopl the Mummy Fighter began the quest for the Orb.
     0 | D:1      | Reached XP level 1. HP: 18/18 MP: 1/1
    73 | D:1      | Reached XP level 2. HP: 13/24 MP: 2/2
   158 | D:1      | Reached skill level 2 in Unarmed Combat
   412 | D:1      | Gained mutation: You are in touch with the powers of death.
                  | [Mummy growth]
   412 | D:1      | Reached XP level 3. HP: 27/29 MP: 3/3
   824 | D:2      | Reached skill level 1 in Dodging
  1324 | D:2      | Found The Oracle's Delphic Readings.
  1328 | D:2      | Bought a scroll of teleportation for 30 gold pieces
  1328 | D:2      | Bought a scroll of identify for 20 gold pieces
  1367 | D:3      | Found an iron altar of Okawaru.
  1377 | D:2      | Slain by a gnoll

Illustrated notes

Levels and vault maps discovered:
D:1:      lightli_arrival_farm, layout_basic
D:2:      layout_loops_ring, st_stairs_6, nicolae_nh_oracle_at_delphi
D:3:      gammafunk_wand_slinger, layout_basic,
          mainiacjoe_overflow_concentric_impassable, old_standard_altar,
          xom_butterflies, minmay_joined_circles

Skill      XL: |  1  2  3 |
---------------+----------+-----
Unarmed Combat | 2 |  2.4
Dodging        | 1 |  1.0
Fighting       | |  3.4
Armour         | |  2.7
Shields        | |  2.4

Action                     || total
---------------------------++-------
  Melee: Unarmed           ||   172
 Armour: Scale mail        ||    59
         Chain mail        ||    22
  Dodge: Dodged            ||    95
  Block: Buckler           ||    33

Table legend: (Time is in decaauts)
 A = Elapsed time spent in this place.
 B = Non-inter-level travel time spent in this place.
 C = Inter-level travel time spent in this place.
 D = Time resting spent in this place.
 E = Time spent auto-exploring this place.
 F = Levels seen in this place.
 G = Mean time per level.
                   A        B        C        D        E       F      G
               +--------+--------+--------+--------+--------+-----+--------+
         Total |   1400 |   1350 |     50 |     40 |   1006 |   3 |  466.7 |
       Dungeon |   1400 |   1350 |     50 |     40 |   1006 |   3 |  466.7 |
               +--------+--------+--------+--------+--------+-----+--------+

Top non-repeatable levels by time:
     D:1: 767 daAuts
     D:2: 624 daAuts
     D:3: 8 daAuts
